 Dungeon Crawl Stone Soup version 0.28.0-45-g0d030f2227 (console) character file.

Game seed: 17537049965243659241

958 Zeor the Cruncher (level 7, -8/59 HPs)
             Began as a Minotaur Gladiator on Apr 5, 2022.
             Mangled by a two-headed ogre
             ... wielding a +0 giant club
              (15 damage)
             ... on level 5 of the Dungeon.
             The game lasted 00:13:58 (4711 turns).

Zeor the Cruncher (Minotaur Gladiator)              Turns: 4711, Time: 00:13:58

Health: -8/59      AC: 12    Str: 20    XL:     7   Next: 91%
Magic:  6/6        EV: 11    Int:  5    God:
Gold:   221        SH:  0    Dex: 12    Spells: 6/6 levels left

rFire   + . .      SeeInvis .   t - +5 quarterstaff (chaos)
rCold   . . .      Faith    .   (shield currently unavailable)
rNeg    . . .      Spirit   .   s - +0 scale mail
rPois   .          Reflect  .   c - +0 hat
rElec   .          Harm     .   u - +1 cloak
rCorr   .          Rampage  .   l - +0 pair of gloves
Will    .....                   v - +0 pair of boots
Stlth   ..........              (no amulet)
HPRegen 0.19/turn               e - ring of protection from fire
MPRegen 0.10/turn               (no ring)

@: no status effects
A: horns 2, retaliatory headbutt
a: no special abilities


You were on level 5 of the Dungeon.
You visited 1 branch of the dungeon, and saw 5 of its levels.
You also visited: Ossuary.

You collected 275 gold pieces.
You spent 54 gold pieces at shops.

Inventory:

Hand Weapons
 a - a +0 quarterstaff
 t - a +5 quarterstaff of chaos (weapon)
 w - the +6 spear of the Messenger {distort, Int+2}
   (You found it on level 5 of the Dungeon)

   It warps and distorts space around it, and may blink, banish, or inflict
   extra damage upon those it strikes.
   Unwielding it can cause banishment or high damage.
   Int:       It affects your intelligence (+2).
Missiles
 d - 3 throwing nets
 f - 5 poisoned darts
 g - 57 arrows
 i - 4 javelins (quivered)
 m - 26 bolts
Armour
 c - a +0 hat (worn)
 l - a +0 pair of gloves (worn)
 s - a +0 scale mail (worn)
 u - a +1 cloak (worn)
 v - a +0 pair of boots (worn)
Jewellery
 e - a ring of protection from fire (left hand)
 y - a +4 ring of protection
Wands
 o - a wand of flame (34)
Scrolls
 h - a scroll of magic mapping
 n - 2 scrolls of immolation
 p - a scroll of teleportation
 x - a scroll of amnesia
Potions
 b - 3 potions of heal wounds
 j - a potion of curing
 k - 2 potions of lignification
 q - a potion of invisibility
 r - a potion of berserk rage
 z - 2 potions of resistance {unknown}


   Skills:
 + Level 4.1 Fighting
 * Level 8.9 Staves
 + Level 2.0 Throwing
 * Level 5.6 Armour
 + Level 3.7 Dodging
 + Level 0.5 Stealth


You had 6 spell levels left.
You didn't know any spells.
Your spell library was empty.

Dungeon Overview and Level Annotations

Branches:
Dungeon (5/15)             Temple (0/1) D:5         Ossuary (visited)

Altars:
Ashenzari
Fedhas
Hepliaklqana
Kikubaaqudgha
Nemelex Xobeh
Okawaru
Qazlal
Ru
Vehumet
Xom
The Shining One

Shops:
D:2 *


Innate Abilities, Weirdness & Mutations

You have a pair of horns on your head.
You reflexively headbutt those who attack you in melee.


Message History

The howler monkey hoots and howls with incredible vigour!
The howler monkey hits you but does no damage.
You sock the howler monkey!
The howler monkey is heavily wounded.
The howler monkey completely misses you.
An iguana comes into view.
You thump the howler monkey!
You kill the howler monkey!
The iguana closely misses you. You furiously retaliate!
You headbutt the iguana, but do no damage.
An adder comes into view.
The adder hisses angrily.
You hit the iguana. You freeze the iguana. You headbutt the iguana!
You kill the iguana!
An ufetubus, a two-headed ogre and an orc come into view.
The two-headed ogre shouts in stereo!
The orc shouts!
You see here an iguana corpse.
You sock the adder! You freeze the adder.
You kill the adder!
You sock the two-headed ogre! You headbutt the two-headed ogre.
The two-headed ogre is moderately wounded.
The two-headed ogre barely misses you.
The two-headed ogre hits you but does no damage.
Okay, then.
You sock the two-headed ogre!
The two-headed ogre is heavily wounded.
The two-headed ogre hits you with a +0 giant club! x2
You hit the two-headed ogre.
You feel better.
Your headbutt misses the two-headed ogre.
The two-headed ogre is severely wounded.
You sock the two-headed ogre!
The two-headed ogre seems to grow stronger.
The two-headed ogre is almost dead.
The two-headed ogre hits you with a +0 giant club!! x2
* * * LOW HITPOINT WARNING * * *
You hit the two-headed ogre.
The two-headed ogre flickers and vanishes!
Deactivating autopickup; reactivate with Ctrl-A.
You headbutt something. Something hits you!
You die...

░░░░░░░░░░░░░░░▒▒▒▒
············^>··∙∙▒
░░░░░░░░░░░░·░░░▒$▒▒
▒▒▒∙▒▒▒▒†∙▒
░▒∙∙∙∙5{H∙∙▒
▒∙∙▒▒▒o▒▒▒∙▒
░···░▒∙▒▒∙∙▒
░····▒O▒∙∙▒▒▒
░░░░░░░░░··░·▒5▒∙∙∙∙▒
·············▒∙▒∙∙∙∙▒
░░░░░░░··░·░·▒o▒∙▒∙∙▒
░░····░▒∙▒▒∙∙∙▒
░··░░░···▒▒▒∙▒


You could see an orc and an ufetubus.

Vanquished Creatures
  A water moccasin (D:5)
  An ogre (D:4)
  A phantom (D:4)
  A bullfrog (D:4)
  2 howler monkeys
  2 centaur zombies (Ossuary)
  3 human zombies (Ossuary)
  A jelly (D:5)
  Crazy Yiuf (D:3)
  4 iguanas
  2 orc wizards (D:4)
  3 mummies
  Robin (D:3)
  2 adders
  2 adder zombies (Ossuary)
  2 adder skeletons
  A worm (D:2)
  3 dart slugs
  2 orcs (D:4)
  A giant cockroach (D:1)
  15 goblins
  14 hobgoblins
  2 jackals (D:5)
  3 kobolds
  2 quokkas
  7 ball pythons
  4 bats
  2 goblin zombies (Ossuary)
  11 hobgoblin zombies (Ossuary)
  8 kobold zombies (Ossuary)
  8 orc zombies (Ossuary)
  5 rats
  A rat zombie (Ossuary)
118 creatures vanquished.

Notes
Turn   | Place    | Note
-------+----------+-------------------------------------------
     0 | D:1      | Zeor the Minotaur Gladiator began the quest for the Orb.
     0 | D:1      | Reached XP level 1. HP: 18/18 MP: 0/0
   264 | D:1      | Reached XP level 2. HP: 23/25 MP: 1/1
   338 | D:1      | Reached skill level 4 in Staves
   340 | D:1      | Reached skill level 1 in Armour
   755 | D:1      | Found a faded altar of an unknown god.
   832 | D:2      | Found a sparkling altar of Nemelex Xobeh.
   902 | D:2      | You fall into a shaft and drop 2 floors!
   909 | D:4      | Found a radiant altar of Vehumet.
   911 | D:4      | Found a sparkling altar of Nemelex Xobeh.
   912 | D:4      | Found a sacrificial altar of Ru.
   914 | D:4      | Found an iron altar of Okawaru.
  1087 | D:4      | Reached XP level 3. HP: 15/30 MP: 2/2
  1301 | D:3      | Found a shimmering altar of Xom.
  1598 | D:2      | Reached XP level 4. HP: 37/37 MP: 3/3
  1618 | D:2      | Found Ackeih's Assorted Antiques.
  1627 | D:2      | Bought a fizzy dark potion for 27 gold pieces
  1627 | D:2      | Bought a bubbling ruby potion for 27 gold pieces
  2053 | D:2      | Found an ancient bone altar of Kikubaaqudgha.
  2237 | D:3      | Noticed Robin
  2243 | D:2      | Reached skill level 5 in Staves
  2330 | D:3      | Found a hazy altar of Hepliaklqana.
  2331 | D:3      | Found a glowing golden altar of the Shining One.
  2367 | D:3      | Killed Robin
  2651 | D:3      | Found an ancient bone altar of Kikubaaqudgha.
  2652 | D:3      | Found a blossoming altar of Fedhas.
  3127 | D:3      | Found a runed translucent door.
  3128 | D:3      | Noticed Crazy Yiuf
  3203 | D:3      | Killed Crazy Yiuf
  3204 | D:3      | Reached XP level 5. HP: 42/42 MP: 4/4
  3293 | D:4      | Noticed a phantom
  3298 | D:4      | Killed a phantom
  3299 | D:4      | Reached skill level 6 in Staves
  3354 | D:4      | Reached XP level 6. HP: 35/51 MP: 5/5
  3357 | D:4      | Found a broken altar of Ashenzari.
  3752 | D:4      | Reached skill level 7 in Staves
  3883 | D:4      | Reached XP level 7. HP: 57/57 MP: 6/6
  4131 | D:5      | Entered Level 5 of the Dungeon
  4143 | D:5      | Reached skill level 5 in Armour
  4163 | D:5      | Found a stormy altar of Qazlal.
  4166 | D:5      | Identified the +6 spear of the Messenger {distort, Int+2}
  4241 | D:5      | Found a sand-covered staircase.
  4245 | D:5      | Reached skill level 8 in Staves
  4247 | Ossuary  | Entered an ossuary
  4703 | D:5      | Noticed a two-headed ogre
  4711 | D:5      | Mangled by a two-headed ogre

Illustrated notes

Levels and vault maps discovered:
D:1:      heliophobic_arrival_ceremonial_halls, layout_basic,
          hellmonk_ecumenical_altar_prayer_group
D:2:      layout_basic, serial_shops, nicolae_lakefront_shop, basic_altar,
          hangedman_decor_diamond_cutter, kennysheep_flooded_box
D:3:      layout_basic, grunt_temple_overflow_growth_and_decay,
          lemuel_crystal_altar, mainiacjoe_overflow_divided_tiny, uniq_robin,
          uniq_crazy_yiuf_cottage
D:4:      layout_gridville, mainiacjoe_overflow_cross_hatched,
          grunt_temple_overflow_open, minmay_quadrilaterals
D:5:      layout_loops_ring, amcnicky_altar_gilded,
          minmay_temple_entry_crystal_x, nicolae_ossuary_entry_giza,
          minmay_manual_monstrance

Skill      XL: |  1  2  3  4  5  6  7 |
---------------+----------------------+-----
Staves         | 4 5 6 7 8 |  8.9
Armour         | 2 3 4 5 |  5.6
Fighting       | 3 4 |  4.1
Throwing       | |  2.0
Dodging        | |  3.7
Stealth        | |  0.5

Action                   |  1- 3 |  4- 6 |  7- 9 || total
-------------------------+-------+-------+-------++-------
Melee: Quarterstaff      |    67 |    98 |   101 ||   266
       Headbutt          |     7 |     9 |    13 ||    29
  Use: Scroll            |     6 |     6 |     4 ||    16
       Potion            |       |     4 |       ||     4
Armor: Leather armour    |    15 |       |       ||    15
       Ring mail         |     9 |       |       ||     9
       Scale mail        |       |    40 |    51 ||    91
Dodge: Dodged            |    42 |    53 |    50 ||   145
